 Dungeon Crawl Stone Soup version 0.28-a0-390-gb254ac4902 (webtiles) character file.

Game seed: 11202584271511050259

33 omnomnOMINOUS the Chopper (level 3, 25/25 HPs)
             Began as an Octopode Wanderer on Sept 3, 2021.
             Was a Follower of Vehumet.
             Quit the game on level 2 of the Dungeon.
             The game lasted 00:02:17 (1452 turns).

omnomnOMINOUS the Chopper (Octopode Wanderer)       Turns: 1452, Time: 00:02:17

Health: 25/25      AC:  1    Str: 12    XL:     3   Next: 29%
Magic:  4/4        EV: 12    Int: 16    God:    Vehumet [*.....]
Gold:   27         SH:  0    Dex:  9    Spells: 4/4 levels left

rFire   . . .      SeeInvis .   a - +2 hand axe
rCold   . . .      Faith    .   (no shield)
rNeg    . . .      Spirit   .   (helmet restricted)
rPois   .          Reflect  .   (no amulet)
rElec   .          Harm     .   d - ring of flight
rCorr   .          Rampage  .   (no ring)
Will    .....                   (no ring)
Stlth   ++........              (no ring)
HPRegen 0.08/turn               (no ring)
MPRegen 0.09/turn               (no ring)
                                (no ring)
                                (no ring)

@: flying
A: almost no armour, amphibious, 8 rings, camouflage 1, gelatinous body 1,
(nimble swimmer 1), tentacles
a: Renounce Religion


You were on level 2 of the Dungeon.
You worshipped Vehumet.
Vehumet was aware of your devotion.
You visited 1 branch of the dungeon, and saw 2 of its levels.

You collected 27 gold pieces.

Inventory:

Hand Weapons
 a - a +2 hand axe (weapon)
Jewellery
 d - a ring of flight (left tentacle)
Scrolls
 e - 2 scrolls of teleportation {unknown}
 f - a scroll of immolation {unknown}
Potions
 b - 2 potions of lignification
 c - 3 potions of heal wounds {unknown}


   Skills:
 + Level 2.4 Fighting
 - Level 3.0 Axes
 + Level 1.1 Dodging
 - Level 1.3 Stealth
 - Level 2.0 Unarmed Combat
 * Level 1.0 Spellcasting
 - Level 1.0 Transmutations
 - Level 1.0 Air Magic
 - Level 1.1 Evocations


You had 4 spell levels left.
You didn't know any spells.
Your spell library was empty.

Dungeon Overview and Level Annotations

Branches:
Dungeon (2/15)

Altars:
Vehumet


Innate Abilities, Weirdness & Mutations

You cannot wear most types of armour.
You are amphibious.
You can wear up to eight rings at the same time.
Your skin changes colour to match your surroundings (Stealth+).
Your rubbery body absorbs attacks. (AC +1, EV +1)
((You are camouflaged near water. (Stealth+)))
You have tentacles for arms and can constrict up to eight enemies at once.


Message History

No target in view!
No target in view!
No target in view!
No target in view!
No target in view!
No target in view!
No target in view!
No target in view!
Things that are here:
a +0 club; a goblin corpse A frilled lizard comes into view.
The frilled lizard hisses angrily.
The frilled lizard unfolds its giant frill.
The frilled lizard completely misses you.
You slash the frilled lizard!
You kill the frilled lizard!
No target in view!
No target in view!
No target in view!
No target in view!
No target in view!
No target in view!
No target in view!
No target in view!
No target in view!
No target in view!
No target in view!
Found a faded altar of an unknown god.
A bat comes into view.
There is a faded altar of an unknown god here.
You cannot tell which god this altar belongs to.
Convert to them anyway?
Vehumet accepts your prayer! Vehumet welcomes you!
You can now gain magical power from killing.
Vehumet offers you knowledge of Foxfire.
Unknown command.
Press < or > to pray at altars.
Unknown command.
Press < or > to pray at altars.
Are you sure you want to abandon this character and quit the game? (Confirm with "yes".)

#.####.#.######. #.
................
#...##.#..≈≈..≈.......
##.#.#.##.≈≈≈≈≈≈≈≈≈≈≈≈.
#.......#.≈≈≈≈≈≈≈≈≈≈.≈#
##.#.#.##..≈≈≈≈≈≈≈b≈.≈#
##.......#.≈≈≈≈..≈≈≈≈...
..#.#.#.##.≈≈≈≈.@.≈≈≈...
#........#..≈≈≈.♣≈≈≈≈≈..
#.#.#.#.#..≈≈≈≈≈≈≈≈≈≈..#
#.......#..≈≈≈≈≈≈≈≈≈..#
##.#.#.##≈≈≈≈≈≈≈≈≈≈≈..#
#.........≈..≈...≈.≈.≈#
###.#.#.#.≈≈≈..≈≈...≈≈.#
#.........##############
..#.#.#.#.#


You could see a bat (asleep).

Vanquished Creatures
  A dart slug (D:1)
  2 bats (D:1)
  3 endoplasms (D:1)
  2 giant cockroaches (D:1)
  3 goblins
  4 hobgoblins (D:1)
  2 jackals (D:1)
  2 quokkas (D:1)
  2 ball pythons (D:1)
  3 frilled lizards
  A kobold (D:1)
  A rat (D:1)
26 creatures vanquished.

Notes
Turn   | Place    | Note
-------+----------+-------------------------------------------
     0 | D:1      | omnomnOMINOUS the Octopode Wanderer began the quest for the
                  | Orb.
     0 | D:1      | omnomnOMINOUS set off with the following items: a +2 hand
                  | axe, 2 potions of lignification
     0 | D:1      | Reached XP level 1. HP: 14/14 MP: 2/2
   176 | D:1      | Reached skill level 1 in Unarmed Combat
   323 | D:1      | Reached XP level 2. HP: 9/19 MP: 3/3
  1038 | D:1      | Reached XP level 3. HP: 24/24 MP: 4/4
  1043 | D:1      | Reached skill level 1 in Dodging
  1443 | D:2      | Found a faded altar of an unknown god.
  1451 | D:2      | Became a worshipper of Vehumet
  1451 | D:2      | Reached * piety under Vehumet
  1451 | D:2      | Offered knowledge of Foxfire by Vehumet.
  1452 | D:2      | Quit the game

Illustrated notes

Levels and vault maps discovered:
D:1:      dpeg_arrival_ternary, layout_basic, hex_intersection
D:2:      layout_loops_corners, chequers_ecumenical_altar_island,
          grunt_ministairs_9, hangedman_decor_points, st_stairs_12,
          grunt_decor_resistance, uniq_terence, uniq_jessica,
          uniq_crazy_yiuf_cottage, uniq_natasha

Skill      XL: |  1  2  3 |
---------------+----------+-----
Unarmed Combat | 1 2 |  2.0
Dodging        | 1 |  1.1
Fighting       | |  2.4
Axes           | |  3.0
Stealth        | |  1.3
Spellcasting   | |  1.0
Transmutations | |  1.0
Air Magic      | |  1.0
Evocations     | |  1.1

Action                   || total
-------------------------++-------
Melee: Hand axe          ||    47
       Constrict         ||    10
       Tentacles         ||     5
 Stab: Sleeping          ||     3
Armor: Skin              ||     4
Dodge: Dodged            ||    36

Table legend: (Time is in decaauts)
 A = Elapsed time spent in this place.
 B = Non-inter-level travel time spent in this place.
 C = Inter-level travel time spent in this place.
 D = Time resting spent in this place.
 E = Time spent auto-exploring this place.
 F = Levels seen in this place.
 G = Mean time per level.
                   A        B        C        D        E       F      G
               +--------+--------+--------+--------+--------+-----+--------+
         Total |   1458 |   1432 |     26 |    423 |    838 |   2 |  729.0 |
       Dungeon |   1458 |   1432 |     26 |    423 |    838 |   2 |  729.0 |
               +--------+--------+--------+--------+--------+-----+--------+

Top non-repeatable levels by time:
     D:1: 1422 daAuts
     D:2: 36 daAuts
